 Dungeon Crawl Stone Soup version 0.28.0-53-g5a82cb258f (webtiles) character file.

Game seed: 5414039591480387934

879 DocClef the Shield-Bearer (level 8, -6/67 HPs)
             Began as a Gnoll Fighter on June 28, 2022.
             Killed by nerve-wracking pain
             ... invoked by Menkaure
              (14 damage)
             ... on level 5 of the Dungeon.
             The game lasted 00:04:08 (5468 turns).

DocClef the Shield-Bearer (Gnoll Fighter)           Turns: 5468, Time: 00:04:08

Health: -6/67      AC: 10    Str: 18 (19) XL:     8   Next: 4%
Magic:  12/12      EV: 14    Int:  5 (7)  God:
Gold:   232        SH:  5    Dex: 10 (11) Spells: 12/12 levels left

rFire   . . .      SeeInvis .   q - +1 spear (venom)
rCold   . . .      Faith    .   c - +0 buckler
rNeg    . . .      Spirit   .   b - +0 scale mail
rPois   .          Reflect  .   (no helmet)
rElec   .          Harm     .   w - +0 cloak
rCorr   .          Rampage  .   (no gloves)
Will    .....                   g - +0 pair of boots
Stlth   +.........              (no amulet)
HPRegen 0.21/turn               n - +4 ring of evasion
MPRegen 0.13/turn               (no ring)

@: brilliant, hasted, very quick
A: fangs 1, strong nose, distributed training
a: no special abilities


You were on level 5 of the Dungeon.
You visited 1 branch of the dungeon, and saw 6 of its levels.

You collected 232 gold pieces.

Inventory:

Hand Weapons
 a - a +0 flail
 q - a +1 spear of venom (weapon)
Armour
 b - a +0 scale mail (worn)
 c - a +0 buckler (worn)
 g - a +0 pair of boots (worn)
 w - a +0 cloak (worn)
Jewellery
 n - a +4 ring of evasion (left hand)
 p - a ring of ice
Wands
 o - a wand of iceblast (9)
Scrolls
 e - a scroll of enchant armour {unknown}
 f - a scroll of noise {unknown}
 h - 5 scrolls of identify {unknown}
 i - a scroll of amnesia {unknown}
 l - a scroll of teleportation {unknown}
 u - a scroll of immolation {unknown}
 v - a scroll of blinking {unknown}
Potions
 d - a potion of might
 m - a potion of curing


   Skills:
 + Level 7.2 Fighting
 + Level 2.9 Short Blades
 + Level 2.9 Long Blades
 + Level 2.9 Axes
 + Level 5.4 Maces & Flails
 + Level 2.9 Polearms
 + Level 2.9 Staves
 + Level 2.9 Slings
 + Level 2.9 Bows
 + Level 2.9 Crossbows
 + Level 2.9 Throwing
 + Level 7.2 Armour
 + Level 2.9 Dodging
 + Level 2.9 Stealth
 + Level 7.2 Shields
 + Level 2.9 Unarmed Combat
 + Level 2.9 Spellcasting
 + Level 2.3 Conjurations
 + Level 2.3 Hexes
 + Level 2.3 Summonings
 + Level 2.3 Necromancy
 + Level 2.3 Translocations
 + Level 2.3 Transmutations
 + Level 2.3 Fire Magic
 + Level 2.3 Ice Magic
 + Level 2.3 Air Magic
 + Level 2.3 Earth Magic
 + Level 2.3 Poison Magic
 + Level 3.2 Invocations
 + Level 2.9 Evocations


You had 12 spell levels left.
You didn't know any spells.
Your spell library contained the following spells:

 Spells                   Type           Power      Damage    Failure   Level
 Slow                     Hex            16%        N/A       47%         1
 Summon Small Mammal      Summ           16%        N/A       47%         1
 Ensorcelled Hibernation  Hex/Ice        8%         N/A       63%         2
 Passwall                 Tmut/Erth      3%         N/A       63%         2
 Call Canine Familiar     Summ           4%         N/A       85%         3
 Confusing Touch          Hex            4%         N/A       85%         3
 Summon Guardian Golem    Hex/Summ       4%         N/A       85%         3
 Swiftness                Air            4%         N/A       85%         3
 Vampiric Draining        Necr           4%         2d6       85%         3


Dungeon Overview and Level Annotations

Branches:
Dungeon (6/15)
 Temple: D:4-7

Altars:

Annotations:
D:4 2 transporters, Sin92's ghost, amateur DsFi
D:5 Menkaure
D:6 Pikel


Innate Abilities, Weirdness & Mutations

You have very sharp teeth.
Your uncanny sense of smell can sniff out nearby items.
Your experience applies equally to all skills.


Message History

You bump into the rock wall.
Menkaure breathes soot at you.
Menkaure calls on the powers of darkness!
Your body is wracked with pain!
* * * LOW HITPOINT WARNING * * *
You bump into the rock wall.
Menkaure closely misses you.
You hit Menkaure.
Menkaure is moderately damaged.
Menkaure calls on the powers of darkness!
Your body is wracked with pain!
* * * LOW HITPOINT WARNING * * *
Menkaure hits you but does no damage.
You're too confused to move!
Menkaure barely misses you. Menkaure misses you.
There is a stone staircase leading down, spattered with blood here.
You hit Menkaure.
Menkaure is heavily damaged.
You feel less invigorated.
You feel less confused. Menkaure closely misses you.
You completely miss Menkaure.
Menkaure is heavily damaged.
Menkaure hits you but does no damage.
You hit Menkaure.
Menkaure is severely damaged.
Menkaure calls on the powers of darkness!
Your body is wracked with pain!
* * * LOW HITPOINT WARNING * * *
You completely miss Menkaure.
Menkaure is severely damaged.
Menkaure calls on the powers of darkness!
Your body is wracked with pain!
* * * LOW HITPOINT WARNING * * *
You hit Menkaure. You bite Menkaure, but do no damage.
Menkaure is severely damaged.
You completely miss Menkaure.
Menkaure is severely damaged.
Menkaure casts a spell at you. Pain shoots through your body!
You die...

# ######### ## # #####.......# #.
# #...#.......# #. #
#...#.......# #. # #...#.....@>#
#. # #...#......M# #. #
#...#.......# #. ##
##..#.......##############. .#
##..####'##...............# .#
#.........#...............' .#
#.........#...............# .#
#.........#...............#
.########'####.##...............#


You could see Menkaure (fast).

Vanquished Creatures
  Sigmund (D:4)
  A water moccasin (D:5)
  A sky beast (D:5)
  A phantom (D:5)
  4 lemures
  A scorpion (D:5)
  A water moccasin zombie (D:6)
  A hound (D:5)
  Crazy Yiuf (D:5)
  Jessica (D:3)
  An iguana (D:5)
  A scorpion zombie (D:5)
  7 gnolls
  7 adders
  A shadow imp (D:3)
  An ufetubus (D:6)
  3 worms
  2 dart slugs
  An orc (D:6)
  3 endoplasms
  3 giant cockroaches
  6 goblins
  A hobgoblin (D:2)
  6 kobolds
  4 quokkas
  7 ball pythons
  6 bats
  3 frilled lizards (D:2)
  6 rats
82 creatures vanquished.

Notes
Turn   | Place    | Note
-------+----------+-------------------------------------------
     0 | D:1      | DocClef the Gnoll Fighter began the quest for the Orb.
     0 | D:1      | Reached XP level 1. HP: 23/23 MP: 1/1
   140 | D:1      | Reached XP level 2. HP: 29/29 MP: 2/2
   898 | D:2      | Reached XP level 3. HP: 35/35 MP: 3/3
   957 | D:2      | Reached skill level 1 in Invocations
  1173 | D:2      | Reached skill level 1 in Short Blades
  1173 | D:2      | Reached skill level 1 in Long Blades
  1173 | D:2      | Reached skill level 1 in Axes
  1173 | D:2      | Reached skill level 1 in Polearms
  1173 | D:2      | Reached skill level 1 in Staves
  1173 | D:2      | Reached skill level 1 in Slings
  1173 | D:2      | Reached skill level 1 in Bows
  1173 | D:2      | Reached skill level 1 in Crossbows
  1173 | D:2      | Reached skill level 1 in Throwing
  1173 | D:2      | Reached skill level 1 in Dodging
  1173 | D:2      | Reached skill level 1 in Stealth
  1173 | D:2      | Reached skill level 1 in Unarmed Combat
  1173 | D:2      | Reached skill level 1 in Spellcasting
  1173 | D:2      | Reached skill level 1 in Evocations
  1487 | D:3      | Reached XP level 4. HP: 41/41 MP: 5/5
  1776 | D:3      | Reached skill level 1 in Conjurations
  1776 | D:3      | Reached skill level 1 in Hexes
  1776 | D:3      | Reached skill level 1 in Summonings
  1776 | D:3      | Reached skill level 1 in Necromancy
  1776 | D:3      | Reached skill level 1 in Translocations
  1776 | D:3      | Reached skill level 1 in Transmutations
  1776 | D:3      | Reached skill level 1 in Fire Magic
  1776 | D:3      | Reached skill level 1 in Ice Magic
  1776 | D:3      | Reached skill level 1 in Air Magic
  1776 | D:3      | Reached skill level 1 in Earth Magic
  1776 | D:3      | Reached skill level 1 in Poison Magic
  2187 | D:3      | Reached XP level 5. HP: 39/47 MP: 5/7
  2335 | D:3      | Noticed Jessica
  2336 | D:3      | Killed Jessica
  2961 | D:4      | Noticed a kobold brigand
  2966 | D:4      | Noticed Sin92's ghost (amateur DsFi)
  2969 | D:4      | Noticed a small abomination
  2973 | D:4      | Found a transporter.
  2976 | D:4      | Noticed a small abomination
  2998 | D:4      | Found a transporter.
  3109 | D:4      | Noticed Sigmund
  3835 | D:4      | Reached XP level 6. HP: 53/53 MP: 8/8
  3979 | D:4      | Killed Sigmund
  3980 | D:4      | Reached skill level 5 in Maces & Flails
  4017 | D:5      | Entered Level 5 of the Dungeon
  4148 | D:5      | Noticed a sky beast
  4161 | D:5      | Killed a sky beast
  4162 | D:5      | Reached XP level 7. HP: 56/60 MP: 10/10
  4299 | D:5      | Found a runed translucent door.
  4300 | D:5      | Noticed Crazy Yiuf
  5124 | D:5      | Killed Crazy Yiuf
  5417 | D:6      | Noticed Menkaure
  5440 | D:6      | Reached XP level 8. HP: 62/67 MP: 12/12
  5440 | D:6      | Noticed Pikel
  5440 | D:6      | Paralysed by Pikel for 5 turns
  5449 | D:5      | HP: 3/67 [Menkaure (8)]
  5468 | D:5      | Killed from afar by Menkaure

Illustrated notes

Levels and vault maps discovered:
D:1:      mainiacjoe_arrival_reflecting_pool, layout_basic, serial_forest,
          infiniplex_forest_lined_room_3, infiniplex_forest_clump_double,
          infiniplex_forest_clump_long, infiniplex_forest_straight_3,
          infiniplex_forest_diagonal, infiniplex_forest_lined_2,
          infiniplex_forest_lined_2, infiniplex_forest_lined_corner
D:2:      layout_basic
D:3:      layout_loops_corners, uniq_jessica
D:4:      layout_loops_corners, gammafunk_ghost_abyssal_escape,
          chequers_serial_rivers_small_3, uniq_sigmund
D:5:      layout_gridville, abandoned_shop, uniq_crazy_yiuf_cottage
D:6:      layout_basic, mainiacjoe_overflow_paths, uniq_menkaure, uniq_pikel,
          uniq_maggie

Skill      XL: |  1  2  3  4  5  6  7 |
---------------+----------------------+-----
Invocations    | 1 2 3 |  3.2
Short Blades   | 1 2 |  2.9
Long Blades    | 1 2 |  2.9
Axes           | 1 2 |  2.9
Polearms       | 1 2 |  2.9
Staves         | 1 2 |  2.9
Slings         | 1 2 |  2.9
Bows           | 1 2 |  2.9
Crossbows      | 1 2 |  2.9
Throwing       | 1 2 |  2.9
Dodging        | 1 2 |  2.9
Stealth        | 1 2 |  2.9
Unarmed Combat | 1 2 |  2.9
Spellcasting   | 1 2 |  2.9
Evocations     | 1 2 |  2.9
Conjurations   | 1 2 |  2.3
Hexes          | 1 2 |  2.3
Summonings     | 1 2 |  2.3
Necromancy     | 1 2 |  2.3
Translocations | 1 2 |  2.3
Transmutations | 1 2 |  2.3
Fire Magic     | 1 2 |  2.3
Ice Magic      | 1 2 |  2.3
Air Magic      | 1 2 |  2.3
Earth Magic    | 1 2 |  2.3
Poison Magic   | 1 2 |  2.3
Maces & Flails | 5 |  5.4
Fighting       | 7 |  7.2
Armour         | 7 |  7.2
Shields        | 7 |  7.2

Action                   |  1- 3 |  4- 6 |  7- 9 || total
-------------------------+-------+-------+-------++-------
Melee: Flail             |   106 |   148 |       ||   254
       Bite              |    13 |    14 |    10 ||    37
       Spear             |       |    40 |    99 ||   139
  Use: Potion            |       |       |     6 ||     6
Armor: Scale mail        |    57 |    75 |    31 ||   163
Dodge: Dodged            |    46 |    93 |    51 ||   190
Block: Buckler           |    35 |    45 |    22 ||   102
